 Dungeon Crawl Stone Soup version 0.30-a0-639-g3916f1956a (webtiles) character file.

Game seed: 16019937372289573205

70 Vylera the Poker (level 4, -2/33 HPs)
             Began as a Demonspawn Gladiator on Jan 16, 2023.
             Slain by Grinder (6 damage)
             ... on level 3 of the Dungeon.
             The game lasted 00:04:05 (1565 turns).

Vylera the Poker (Demonspawn Gladiator)             Turns: 1565, Time: 00:04:05

Health: -2/33      AC:  4    Str: 14    XL:     4   Next: 3%
Magic:  4/4        EV: 18    Int: 12    God:
Gold:   132        SH:  0    Dex: 20    Spells: 3/3 levels left

rFire   + . .      SeeInvis .    a - +0 trident
rCold   + . .      Faith    .    (no shield)
rNeg    . . .      Spirit   .    b - +0 leather armour
rPois   +          Reflect  .    c - +0 helmet
rElec   +          Harm     .    (no cloak)
rCorr   +          Rampage  .    (no gloves)
Will    .....                    (no boots)
Stlth   +                        (no amulet)
HPRegen 0.25/turn                i - +6 ring of dexterity
MPRegen 0.09/turn                t - +5 ring of evasion

@: brilliant, resistant, on berserk cooldown, hasted and slowed
A: demonic magic 2
a: no special abilities


You were on level 3 of the Dungeon.
You visited 1 branch of the dungeon, and saw 3 of its levels.

You collected 132 gold pieces.

Inventory:

Hand Weapons
 a - a +0 trident (weapon)
Missiles
 d - 3 throwing nets (quivered)
 e - a javelin
Armour
 b - a +0 leather armour (worn)
 c - a +0 helmet (worn)
Jewellery
 i - a +6 ring of dexterity (left hand)
 t - a +5 ring of evasion (right hand)
 u - a ring of magical power
Scrolls
 j - a scroll of noise {unknown}
 k - a scroll of blinking {unknown}
 m - a scroll of vulnerability {unknown}
 n - a scroll of immolation {unknown}
 o - a scroll of teleportation {unknown}
 p - 2 scrolls of identify {unknown}
 s - a scroll of brand weapon {unknown}
 v - a scroll of enchant weapon {unknown}
 w - a scroll of poison {unknown}
Potions
 f - a potion of resistance
 l - a potion of degeneration {unknown}
 q - a potion of magic {unknown}


   Skills:
 - Level 2.0 Fighting
 * Level 4.5 Polearms
 - Level 1.7 Throwing
 - Level 2.6 Dodging


You had 3 spell levels left.
You didn't know any spells.
Your spell library contained the following spells:

 Spells                   Type           Power      Damage    Failure   Level
 Beastly Appendage        Tmut           0%         N/A       38%         1
 Wereblood                Tmut           0%         N/A       54%         2
 Spider Form              Tmut/Pois      0%         N/A       77%         3


Dungeon Overview and Level Annotations

Branches:
Dungeon (3/15)

Altars:
Wu Jian

Annotations:
D:3 Grinder


Innate Abilities, Weirdness & Mutations

Spells you cast may paralyse nearby enemies.


Message History

You hit Grinder.
Grinder is moderately wounded.
Grinder hits you!
You writhe in agony.
You barely miss Grinder.
Grinder is moderately wounded.
Grinder blinks!
Grinder gestures at you.
You suddenly lose the ability to move!
Grinder gestures at you.
You barely resist. Grinder hits you.
You writhe in agony.
Grinder blinks!
You can move again.
It was a potion of resistance.
You feel protected.
It was a potion of berserk rage.
A red film seems to cover your vision as you go berserk!
You feel yourself moving faster!
You feel mighty!
You feel a strong urge to attack something.
Grinder hits you!
* * * LOW HITPOINT WARNING * * *
Things that are here:
a +0 whip; a +0 scale mail; an orc corpse You hit Grinder.
Grinder is moderately wounded.
Grinder blinks!
You feel a strong urge to attack something.
You are no longer berserk.
You are exhausted.
You feel yourself slow down.
You hit Grinder.
Grinder is moderately wounded.
Grinder barely misses you. Grinder misses you.
It was a potion of brilliance.
You feel clever all of a sudden. Grinder misses you.
It was a potion of haste.
You feel yourself speed up. Grinder hits you.
* * * LOW HITPOINT WARNING * * *
You writhe in agony.
You die...

##
###..#..###.###....
..
....#.............
.###$.#..###.###.##.
#.. #..##...#...###.
#.. #...#.[.#.......
#..###..#...#...(.##
#..)#..###......#.
#...#...#.........
#@5.#...#.......##
#..###.###........#
#.................#
#......#.....######
....#.....#..#
##########...##
#####


You could see Grinder.

Vanquished Creatures
  An adder (D:2)
  An ufetubus (D:3)
  2 worms
  A dart slug (D:2)
  An orc (D:3)
  8 ball pythons
  5 endoplasms
  2 giant cockroaches
  5 goblins
  2 hobgoblins
  A quokka (D:1)
  5 bats
  4 frilled lizards
  4 kobolds
  4 rats
46 creatures vanquished.

Notes
Turn   | Place    | Note
-------+----------+-------------------------------------------
     0 | D:1      | Vylera the Demonspawn Gladiator began the quest for the
                  | Orb.
     0 | D:1      | Reached XP level 1. HP: 16/16 MP: 1/1
   108 | D:1      | Reached skill level 3 in Polearms
   198 | D:1      | Gained mutation: Spells you cast may paralyse adjacent
                  | enemies. [demonic ancestry]
   198 | D:1      | Reached XP level 2. HP: 22/22 MP: 2/2
   727 | D:2      | Reached XP level 3. HP: 21/27 MP: 3/3
   822 | D:2      | Reached skill level 4 in Polearms
   903 | D:2      | Found an ornate altar of the Wu Jian Council.
  1517 | D:3      | Gained mutation: Spells you cast may paralyse nearby
                  | enemies. [demonic ancestry]
  1517 | D:3      | Reached XP level 4. HP: 33/33 MP: 4/4
  1535 | D:3      | Noticed Grinder
  1548 | D:3      | Paralysed by Grinder for 5 turns
  1565 | D:3      | Slain by Grinder

Illustrated notes

Levels and vault maps discovered:
D:1:      beargit_arrival_greenhouse, layout_loops_ring, serial_forest,
          infiniplex_forest_clump_long, infiniplex_forest_lined_room_2,
          infiniplex_forest_clump_long, infiniplex_forest_side_room
D:2:      layout_basic, basic_altar
D:3:      layout_rooms, marbit_many_paths, minmay_misc_feat_tiny,
          nicolae_titane, uniq_grinder

Skill      XL: |  1  2  3 |
---------------+----------+-----
Polearms       | 3 4 |  4.5
Fighting       | |  2.0
Throwing       | |  1.7
Dodging        | |  2.6

Action                   |  1- 3 |  4- 6 || total
-------------------------+-------+-------++-------
Melee: Trident           |   126 |    10 ||   136
       Punch             |     1 |       ||     1
  Use: Potion            |       |     4 ||     4
 Stab: Sleeping          |     7 |       ||     7
Armor: Leather armour    |    26 |       ||    26
Dodge: Dodged            |    83 |     5 ||    88

Table legend: (Time is in decaauts)
 A = Elapsed time spent in this place.
 B = Non-inter-level travel time spent in this place.
 C = Inter-level travel time spent in this place.
 D = Time resting spent in this place.
 E = Time spent auto-exploring this place.
 F = Levels seen in this place.
 G = Mean time per level.
                   A        B        C        D        E       F      G
               +--------+--------+--------+--------+--------+-----+--------+
         Total |   1579 |   1550 |     29 |      0 |   1221 |   3 |  526.3 |
       Dungeon |   1579 |   1550 |     29 |      0 |   1221 |   3 |  526.3 |
               +--------+--------+--------+--------+--------+-----+--------+

Top non-repeatable levels by time:
     D:1: 698 daAuts
     D:2: 633 daAuts
     D:3: 248 daAuts
